 Dungeon Sprint DCSS version 0.17-a0-1508-ge7f3dc3 (webtiles) character file.

46 Kidiri the Shield-Bearer (level 3, -2/37 HPs)
             Began as a Troll Fighter on July 10, 2015.
             Was an Initiate of Okawaru.
             Slain by an ogre
             ... wielding a +0 giant spiked club
              (11 damage)
             ... in the Dungeon (Sprint IX: "|||||||||||||||||||||||||||||").
             The game lasted 00:01:56 (158 turns).

Kidiri the Shield-Bearer (Troll Fighter)             Turns: 158, Time: 00:01:56

Health: -2/37      AC:  6    Str: 25    XL:     3   Next: 44%
Magic:  2/2        EV:  9    Int:  7    God:    Okawaru [......]
Gold:   0          SH:  9    Dex: 12    Spells: 0 memorised, 2 levels left

rFire  . . .     SeeInvis .     a - +0 flail
rCold  . . .     Clarity  .     b - +0 robe
rNeg   . . .     SustAt   .     c - +0 shield
rPois  .         Gourm    +     (helmet restricted)
rElec  .         Spirit   .     p - +0 cloak
rCorr  .         Warding  .     (gloves unavailable)
rMut   .         NoTele   +     (boots unavailable)
MR     .....                    (no amulet)
Stlth  +.........               r - +3 ring of dexterity
                                q - +3 ring of intelligence

@: lethally poisoned (-2 -> -3), not resistant to hostile enchantments, very
unstealthy
A: unfitting armour, claws 3, fast metabolism 3, gourmand, regeneration 2,
shaggy fur 1, tough skin 2
a: Renounce Religion


You were in the Dungeon.
You worshipped Okawaru.
Okawaru was noncommittal.
You were full.

You visited 1 branch

Inventory:

Hand weapons
 a - a +0 flail (weapon)
Armour
 b - a +0 robe (worn)
 c - a +0 shield (worn)
 p - a +0 cloak (worn)
Jewellery
 q - a +3 ring of intelligence (left claw)
 r - a +3 ring of dexterity (right claw)
Magical devices
 o - a wand of fire (7)
Scrolls
 k - 2 scrolls of blinking
 m - 3 scrolls of remove curse
 n - 2 scrolls of amnesia
Potions
 d - a potion of might
 f - 5 potions of curing
 g - 3 potions of heal wounds
 h - a potion of haste
 i - 4 potions of magic
 j - a potion of berserk rage
 l - a potion of invisibility
Comestibles
 e - 2 bread rations


   Skills:
 + Level 3.2 Fighting
 * Level 3.8 Maces & Flails
 + Level 3.3 Dodging
 * Level 4.0 Shields
 + Level 1.1 Invocations


You had 2 spell levels left.
You didn't know any spells.

Dungeon Overview and Level Annotations

Branches:
Dungeon (1/1)

Altars:
Cheibriados
Dithmenos
Elyvilon
Fedhas
Gozag
Kikubaaqudgha
Makhleb
Nemelex Xobeh
Okawaru
Qazlal
Ru
Sif Muna
Trog
Vehumet
Xom
Yredelemnul
Zin
The Shining One
Beogh
Jiyva
Lugonu


Innate Abilities, Weirdness & Mutations

You are too large for most types of armour.
You have claws for hands.
Your metabolism is lightning-fast.
You like to eat raw meat.
You heal very quickly.
You are covered in fur (AC +1).
You have very tough skin (AC +2).


Message History

You feel sick. The ogre barely misses you.
You barely miss the ogre.
You feel sick.
The ogre hits you with a giant spiked club.
You barely miss the ogre.
You feel sick.
You hit the ogre.
The ogre is moderately wounded.
You feel sick. You block the ogre's attack.
You hit the ogre but do no damage.
The ogre is moderately wounded.
You feel sick. You block the ogre's attack.
You barely miss the ogre.
The ogre is moderately wounded.
You feel sick.
The ogre hits you with a giant spiked club!
* * * LOW HITPOINT WARNING * * *
You hit the ogre.
The ogre is moderately wounded.
You feel sick.
The ogre hits you with a giant spiked club!
You die...

▓.▓
▓.▓
▓|▓
▓)▓
▓.▓
▓[▓
▓[▓
▓.▓
▓@▓
▓O▓
▓Z▓
▓b▓
▓a▓
▓r▓
▓.▓
▓.▓


You could see an ogre, a worker ant, a bat, a rat and a quokka skeleton.

Vanquished Creatures
  A worker ant (D)
  A shadow imp (D)
  2 bats (D)
  A bat skeleton (D)
  A bat zombie (D)
  2 hobgoblins (D)
  A giant newt (D)
  2 goblins (D)
11 creatures vanquished.

Notes
Turn   | Place    | Note
--------------------------------------------------------------
     0 | D        | Kidiri the Troll Fighter began the quest for the Orb.
     0 | D        | Reached XP level 1. HP: 22/22 MP: 0/0
    46 | D        | Reached skill level 3 in Maces & Flails
    46 | D        | Reached XP level 2. HP: 10/29 MP: 1/1
    95 | D        | Found a glowing silver altar of Zin.
    95 | D        | Found a glowing golden altar of the Shining One.
    95 | D        | Found an ancient bone altar of Kikubaaqudgha.
    95 | D        | Found a basalt altar of Yredelemnul.
    95 | D        | Found a shimmering altar of Xom.
    95 | D        | Found a radiant altar of Vehumet.
    96 | D        | Found an iron altar of Okawaru.
    97 | D        | Found a burning altar of Makhleb.
    98 | D        | Found a deep blue altar of Sif Muna.
    99 | D        | Found a bloodstained altar of Trog.
   100 | D        | Found a sparkling altar of Nemelex Xobeh.
   101 | D        | Found a white marble altar of Elyvilon.
   102 | D        | Found a roughly hewn altar of Beogh.
   103 | D        | Found a viscous altar of Jiyva.
   104 | D        | Became a worshipper of Warmaster Okawaru
   105 | D        | Found a corrupted altar of Lugonu.
   106 | D        | Found a blossoming altar of Fedhas.
   107 | D        | Found a snail-covered altar of Cheibriados.
   108 | D        | Found a shadowy altar of Dithmenos.
   109 | D        | Found a stormy altar of Qazlal.
   110 | D        | Found an opulent altar of Gozag.
   111 | D        | Found a sacrificial altar of Ru.
   147 | D        | Noticed a worker ant
   147 | D        | Noticed an ogre
   147 | D        | Noticed a worker ant
   152 | D        | Killed a worker ant
   152 | D        | Reached skill level 4 in Shields
   152 | D        | Reached skill level 1 in Invocations
   152 | D        | Reached XP level 3. HP: 27/37 MP: 2/2
   158 | D        | Slain by an ogre

Vault maps used:
D:        linesprint

Action                   || total
-------------------------++-------
Melee: Flail             ||    46
  Eat: Chunk             ||     4
